AoeStats
← Son Johan

Fortress

509947849Analyzed
4v4 RM · 3d ago on Sep 28, 2026· 47m 14s· 8 players
Game mode
Random Map
Map size
Huge
Population
200
Speed
Normal
Resources
Standard
Victory
Conquest
Starting age
Dark Age
Ending age
Imperial Age
RankedLock teamsTeams togetherTeam positionsShared explorationLock speedFull tech treeHidden civsTurbo modeCheats
Victory
Defeat
🇧🇪 Byzantines · Belgium
1139
+8
🇳🇱 Goths · Netherlands
842
+20
🇧🇪 Turks · Belgium
826
+20
🇧🇪 Goths · Belgium
775
+22
🇨🇴 Saracens · Colombia
1000
-64
🇨🇴 Vikings · Colombia
1000
-64
🇨🇴 Tatars · Colombia
863
-41
🇨🇴 Lithuanians · Colombia
863
-41
Cervera
8:29 Feudal Age
6:59 Loom
12:24 Double-Bit Axe
12:23 Horse Collar
16:46 Wheelbarrow
18:47 Castle Age
23:40 Imperial Age
26:26 Scale Barding Armor
30:16 Elite Skirmisher
32:57 Bloodlines
34:22 Husbandry
35:33 Chain Barding Armor
37:01 Wheelbarrow
39:10 Hand Cart
39:24 Thumb Ring
Sheshoorias
10:11 Feudal Age
8:30 Loom
10:37 Double-Bit Axe
10:45 Town Watch
12:14 Wheelbarrow
11:26 Man-at-Arms
12:23 Gold Mining
22:01 Bloodlines
21:59 Horse Collar
22:18 Stone Mining
25:02 Castle Age
28:54 Imperial Age
28:06 Thumb Ring
27:21 Crossbowman
28:05 Gambesons
31:52 Padded Archer Armor
31:43 Fletching
31:55 Scale Mail Armor
32:00 Scale Barding Armor
32:06 Forging
32:03 Husbandry
31:24 Heavy Camel Rider
32:32 Bimaristan
34:52 Hand Cart
39:13 Arbalester
Lordajelo
6:50 Loom
10:12 Feudal Age
10:53 Man-at-Arms
14:15 Scale Mail Armor
14:27 Forging
15:01 Town Watch
16:11 Gold Mining
20:46 Castle Age
19:46 Horse Collar
19:54 Double-Bit Axe
20:02 Stone Mining
22:36 Long Swordsman
23:20 Squires
24:59 Chain Mail Armor
27:22 Town Patrol
33:02 Town Patrol
42:58 Chieftains
46:02 Iron Casting
cerveritaed
8:41 Feudal Age
10:35 Wheelbarrow
9:39 Man-at-Arms
10:06 Arson
10:52 Forging
12:46 Double-Bit Axe
12:46 Horse Collar
16:29 Castle Age
15:53 Stone Mining
16:01 Gold Mining
17:53 Hand Cart
20:37 Bow Saw
21:36 Heavy Plow
33:46 Crossbowman
40:30 Long Swordsman
41:52 Iron Casting
41:19 Scale Mail Armor
41:20 Padded Archer Armor
41:12 Fletching
42:11 Ballistics
41:42 Guard Tower
kavrou
6:31 Loom
8:17 Feudal Age
12:59 Castle Age
10:59 Double-Bit Axe
11:01 Horse Collar
13:34 Wheelbarrow
12:53 Fletching
13:14 Gold Mining
18:49 Crossbowman
22:48 Bodkin Arrow
24:32 Pikeman
25:32 Heavy Plow
25:45 Bow Saw
25:41 Padded Archer Armor
27:02 Ballistics
27:02 Leather Archer Armor
26:49 Scale Mail Armor
30:34 Hand Cart
33:03 Imperial Age
32:07 Thumb Ring
33:47 Forging
33:54 Chain Mail Armor
33:07 Arbalester
34:21 Conscription
34:32 Bracer
34:29 Halberdier
36:47 Chemistry
37:15 Plate Mail Armor
37:20 Iron Casting
37:47 Ring Archer Armor
39:01 Squires
42:52 Arson
47:03 Hoardings
XrysToF
9:49 Feudal Age
13:58 Castle Age
18:47 Imperial Age
16:34 Double-Bit Axe
16:55 Padded Archer Armor
18:18 Leather Archer Armor
20:21 Ring Archer Armor
21:00 Gold Mining
21:26 Loom
30:02 Wheelbarrow
39:44 Bow Saw
48:06 Hand Cart
Son Johan
2:11 Loom
8:07 Feudal Age
9:02 Horse Collar
13:38 Castle Age
15:41 Forging
15:32 Scale Mail Armor
15:23 Fletching
17:40 Chain Mail Armor
18:00 Iron Casting
18:04 Town Watch
20:56 Heavy Plow
24:55 Crossbowman
29:42 Imperial Age
28:57 Squires
29:10 Anarchy
32:41 Conscription
36:27 Blast Furnace
35:30 Double-Bit Axe
36:41 Bodkin Arrow
36:49 Perfusion
36:48 Pikeman
39:35 Husbandry
40:03 Bloodlines
Sir Edouard
9:50 Feudal Age
11:32 Double-Bit Axe
13:38 Horse Collar
15:26 Wheelbarrow
19:33 Gold Mining
23:14 Castle Age
23:06 Forging
22:59 Scale Mail Armor
25:23 Stone Mining
25:38 Anarchy
28:01 Hand Cart
28:37 Stone Shaft Mining
31:33 Imperial Age
28:50 Loom
28:52 Town Watch
30:07 Iron Casting
29:53 Chain Mail Armor
33:29 Heavy Plow
33:44 Bow Saw
33:47 Town Patrol
36:52 Blast Furnace
35:20 Pikeman
36:01 Squires
38:43 Fletching
39:51 Bodkin Arrow
40:05 Padded Archer Armor
39:32 Crossbowman
40:29 Halberdier
41:43 Conscription
41:26 Perfusion
43:18 Bracer
43:35 Leather Archer Armor
43:58 Elite Huskarl
Connection lost

Rejoining the realm…

Still unreachable

The connection could not be restored.

Session expired

The server has moved on; the page needs a fresh start.